AoeStats
← AiM | CanvaL

Four Lakes

509095386Analyzed
1v1 RM · 7d ago on Sep 25, 2026· 32m 3s· 2 players
Game mode
Random Map
Map size
Tiny (2 player)
Population
200
Speed
Normal
Resources
Standard
Victory
Conquest
Starting age
Dark Age
Ending age
Imperial Age
RankedLock teamsTeams togetherTeam positionsShared explorationLock speedFull tech treeHidden civsTurbo modeCheats
Victory
Defeat
🇦🇺 Danes · Australia
1489
+18
🇨🇱 Berbers · Chile
1530
-18
THRILLHO
7:49 Loom
9:58 Feudal Age
10:44 Double-Bit Axe
12:13 Town Watch
22:15 Castle Age
21:06 Bloodlines
23:56 Scale Barding Armor
24:30 Forging
31:27 Horse Collar
AiM | CanvaL
7:18 Loom
9:48 Feudal Age
13:46 Town Watch
14:07 Double-Bit Axe
23:23 Castle Age
21:24 Fletching
23:59 Horse Collar
24:30 Bow Saw
26:15 Bodkin Arrow
31:31 Gold Mining
Connection lost

Rejoining the realm…

Still unreachable

The connection could not be restored.

Session expired

The server has moved on; the page needs a fresh start.